 Dungeon Crawl Stone Soup version 0.31-a0-848-gaac375c287 (webtiles) character file.

Game seed: 6258115869993617907

298 CowFu the Ruffian (level 6, -2/52 HPs)
             Began as a Draconian Shapeshifter on Oct 4, 2023.
             Killed by nerve-wracking pain
             ... invoked by Grinder
              (8 damage)
             ... while paralysed by Grinder
             ... in a sewer.
             The game lasted 00:03:38 (2102 turns).

CowFu the Ruffian (Draconian Shapeshifter)          Turns: 2102, Time: 00:03:39

Health: -2/52      AC:  6    Str: 24    XL:     6   Next: 13%
Magic:  6/6        EV:  2    Int: 10    God:
Gold:   149        SH:  0    Dex: 11    Spells: 5/5 levels left

rFire   . .          .
                       - Unarmed
rCold   . . .        (no shield)
rNeg    . . .        (body armour unavailable)
rPois   .            (helmet currently unavailable)
rElec   .            (cloak currently unavailable)
rCorr   .            (gloves currently unavailable)
SInv    .            (boots currently unavailable)
Will    .....        (no amulet)
Stlth   +            n - +6 ring of strength
HPRegen 0.28/turn    m - ring of wizardry
MPRegen 0.10/turn

%: wizardry (x1)
@: paralysed, beast-form
A: beast (slay +2), AC +6, unfitting armour, cold-blooded
a: Begin Untransformation


You were in a sewer.
You were a hulking beast.
You visited 1 branch of the dungeon, and saw 3 of its levels.
You also visited: Sewer.

You collected 149 gold pieces.

Inventory:

Missiles
 o - 2 throwing nets
Jewellery
 m - a ring of wizardry (right hand)
 n - a +6 ring of strength (left hand)
Talismans
 b - a beast talisman (active)
 c - a flux talisman
Wands
 h - a wand of flame (20)
 p - a wand of polymorph (5)
 r - a wand of charming (3)
Scrolls
 e - a scroll of blinking {unknown}
 i - 2 scrolls of poison {unknown}
 k - a scroll of enchant armour {unknown}
Potions
 a - 2 potions of lignification
 f - 2 potions of might
 g - 2 potions of heal wounds
 j - 2 potions of curing
 l - 2 potions of brilliance {unknown}
 q - a potion of resistance {unknown}
 s - a potion of haste {unknown}


   Skills:
 + Level 3.9 Fighting
 - Level 1.7 Dodging
 + Level 4.6 Unarmed Combat
 + Level 4.4 Shapeshifting


You had 5 spell levels left.
You didn't know any spells.
Your spell library contained the following spells:

 Spells                   Type           Power      Damage    Failure   Level
 Sublimation of Blood     Necr           0%         N/A       22%         2
 Wereblood                Tmut           0%         N/A       22%         2
 Call Canine Familiar     Summ           0%         N/A       41%         3
 Sigil of Binding         Hex            0%         N/A       41%         3
 Volatile Blastmotes      Fire/Tloc      0%         2d10      41%         3
 Dimensional Bullseye     Hex/Tloc       0%         N/A       80%         4
 Fulminant Prism          Conj/Hex       0%         3d5       80%         4
 Iskenderun's Mystic Bla  Conj/Tloc      0%         2d3       80%         4
 Leda's Liquefaction      Hex/Erth       0%         N/A       80%         4
 Summon Hydra             Summ           0%         N/A       100%        7


Dungeon Overview and Level Annotations

Branches:
Dungeon (3/15)              Sewer (1/1)

Altars:
Zin

Annotations:
Sewer Grinder


Innate Abilities, Weirdness & Mutations

You are a hulking beast.
Your limbs bulge with bestial killing power. (Slay +2)
Your plain brown scales are hard. (AC +6)
You cannot fit into any form of body armour.
You are cold-blooded and may be slowed by cold attacks.


Message History

Grinder gestures at you.
You barely resist. You hit Grinder but do no damage. You tail-slap Grinder.
Grinder is heavily wounded.
Grinder hits you but does no damage.
You hit Grinder but do no damage.
Grinder is heavily wounded.
Grinder hits you!
You writhe in agony.
You hit Grinder.
Grinder is heavily wounded.
Grinder blinks!
Grinder gestures at you.
You suddenly lose the ability to move!
Grinder blinks!
You can move again.
Unknown command.
Unknown command.
You see here a glowing orange potion.
You see here a yellow potion.
You see here a potion of heal wounds.
g - 2 potions of heal wounds (gained 1)
You see here a glowing orange potion.
You see here a scroll labelled PER XOESONAHE.
i - 2 scrolls labelled PER XOESONAHE (gained 1)
You hit Grinder.
Grinder is severely wounded.
Grinder gestures at you.
You suddenly lose the ability to move!
Grinder hits you.
You writhe in agony.
Grinder hits you!
* * * LOW HITPOINT WARNING * * *
You writhe in agony.
* * * LOW HITPOINT WARNING * * *
Grinder gestures at you. Pain shoots through your body!
* * * LOW HITPOINT WARNING * * *
Grinder gestures at you. Pain shoots through your body!
You die...
Grinder says, "Now the real fun starts!"

##+++##
###.....#########
~#..⌠.⌠..#~≈≈~≈≈##
.'.......'.....5h###
.'.⌠._.⌠.'......!.∩#
.'.......'......!###
≈#...⌠...#≈≈≈≈≈~##
####)).##########
#####)#########
≈≈≈#...#≈≈≈≈≈≈#~
~≈~....).≈~~~~≈.
...#...#......#


You could see Grinder.

Vanquished Creatures
  2 kobold brigands (Sewer)
  A gnoll (D:1)
  4 adders
  3 shadow imps (Sewer)
  2 ufetubi (Sewer)
  2 worms (D:3)
  A dart slug (D:1)
  An orc (D:3)
  5 ball pythons
  4 bats
  9 endoplasms
  4 giant cockroaches
  7 goblins
  A hobgoblin (D:2)
  5 quokkas (D:3)
  3 frilled lizards
  17 kobolds
  9 rats
80 creatures vanquished.

Notes
Turn   | Place    | Note
-------+----------+-------------------------------------------
     0 | D:1      | CowFu the Draconian Shapeshifter began the quest for the
                  | Orb.
     0 | D:1      | Reached XP level 1. HP: 16/16 MP: 1/1
   143 | D:1      | Reached XP level 2. HP: 23/23 MP: 2/2
   438 | D:1      | You fall into a shaft and drop 1 floor!
   454 | D:2      | Reached XP level 3. HP: 29/29 MP: 3/3
   825 | D:2      | Reached XP level 4. HP: 26/37 MP: 4/4
  1581 | D:3      | Found a glowing silver altar of Zin.
  1691 | D:3      | Found a glowing drain.
  1710 | Sewer    | Entered a sewer
  1855 | Sewer    | Reached XP level 5. HP: 37/45 MP: 5/5
  1889 | Sewer    | Found an ancient bone altar of Kikubaaqudgha.
  2010 | Sewer    | Reached XP level 6. HP: 40/52 MP: 6/6
  2065 | Sewer    | Noticed Grinder
  2087 | Sewer    | Paralysed by Grinder for 3 turns
  2098 | Sewer    | Paralysed by Grinder for 5 turns
  2102 | Sewer    | Killed from afar by Grinder

Illustrated notes

Levels and vault maps discovered:
D:1:      mainiacjoe_arrival_reflecting_pool, layout_loops_ring, minivault_23
D:2:      layout_rooms, minmay_randomly_rotated_circles
D:3:      layout_basic, nicolae_hepliaklqana_monster_ancestors,
          mainiacjoe_overflow_surrounded_room, portal_sewer_entry_f
Sewer:    kennysheep_sewer_church

Skill      XL: |  1  2  3  4  5 |
---------------+----------------+-----
Fighting       | 2 3 |  3.9
Unarmed Combat | 4 |  4.6
Shapeshifting  | 4 |  4.4
Dodging        | |  1.7

Action                     |  1- 3 |  4- 6 || total
---------------------------+-------+-------++-------
  Melee: Unarmed           |    79 |   134 ||   213
         Tailslap          |    10 |    10 ||    20
         Punch             |     1 |     4 ||     5
    Use: Scroll            |       |     3 ||     3
   Stab: Sleeping          |     2 |     2 ||     4
 Armour: Skin              |    42 |    70 ||   112
  Dodge: Dodged            |    55 |    66 ||   121

Table legend: (Time is in decaauts)
 A = Elapsed time spent in this place.
 B = Non-inter-level travel time spent in this place.
 C = Inter-level travel time spent in this place.
 D = Time resting spent in this place.
 E = Time spent auto-exploring this place.
 F = Levels seen in this place.
 G = Mean time per level.
                   A        B        C        D        E       F      G
               +--------+--------+--------+--------+--------+-----+--------+
         Total |   2090 |   2012 |     78 |      0 |   1400 |   4 |  522.5 |
       Dungeon |   1704 |   1626 |     78 |      0 |   1170 |   3 |  568.0 |
         Sewer |    386 |    386 |      0 |      0 |    230 |   1 |  386.0 |
               +--------+--------+--------+--------+--------+-----+--------+

Top non-repeatable levels by time:
     D:2: 783 daAuts
     D:1: 655 daAuts
   Sewer: 386 daAuts
     D:3: 265 daAuts
